 Dungeon Crawl Stone Soup version 0.26-b1-57-gb162d0664a (webtiles) character file.

Game seed: 4013935537471315119

7482 Froggeryz the Basher (level 11, 0/68 HPs)
             Began as a Gargoyle Gladiator on Jan 8, 2021.
             Was a High Priest of Okawaru.
             Slain by a cane toad (16 damage)
             ... on level 1 of the Lair of Beasts.
             The game lasted 00:12:24 (10700 turns).

Froggeryz the Basher (Gargoyle Gladiator)          Turns: 10700, Time: 00:12:25

Health: 0/68       AC: 20    Str: 21    XL:     11   Next: 15%
Magic:  9/11       EV: 13    Int:  9    God:    Okawaru [*****.]
Gold:   587        SH: 13    Dex: 11    Spells: 10/10 levels left

rFire    . . .     SeeInvis .   B - +2 whip (flame)
rCold    . . .     Faith    .   i - +0 kite shield
rNeg     + + .     Spirit   .   r - +1 scale mail
rPois    ∞         Reflect  .   p - +0 helmet
rElec    +         Harm     .   n - scarf {repulsion}
rCorr    +         Rampage  .   y - +0 pair of gloves
Will     .....                  (no boots)
Stlth    +.........             (no amulet)
HPRegen  0.21/turn              u - ring of resist corrosion
MPRegen  0.12/turn              w - ring of positive energy

@: heroism, repel missiles
A: negative energy resistance 1, electricity resistance, unbreathing,
petrification resistance, miasma immunity, AC +8
a: Renounce Religion, Heroism, Finesse


You were on level 1 of the Lair of Beasts.
You worshipped Okawaru.
Okawaru was extremely pleased with you.
You visited 3 branches of the dungeon, and saw 11 of its levels.
You also visited: Ossuary.

You collected 587 gold pieces.

Inventory:

Hand Weapons
 v - a +3 mace
 B - a +2 whip of flaming (weapon)
Missiles
 d - 3 throwing nets
 o - 17 poisoned darts (quivered)
Armour
 i - a +0 kite shield (worn)
 n - a scarf of repulsion (worn)
 p - a +0 helmet (worn)
 r - a +1 scale mail (worn)
 y - a +0 pair of gloves (worn)
Jewellery
 s - an uncursed ring of protection from fire {unknown}
 u - a ring of resist corrosion (left hand)
 w - a ring of positive energy (right hand)
Wands
 h - a wand of flame (28)
 D - a wand of paralysis (18)
Scrolls
 a - 5 scrolls of identify
 b - a scroll of noise
 e - 2 scrolls of fog
 f - 5 scrolls of remove curse
 j - 2 scrolls of teleportation
 l - a scroll of enchant armour
 t - 2 scrolls of enchant weapon {unknown}
 x - a scroll of immolation {unknown}
 F - a scroll of acquirement {unknown}
 H - 2 scrolls of blinking {unknown}
Potions
 c - 5 potions of heal wounds
 g - a potion of ambrosia
 k - 2 potions of curing
 m - 2 potions of magic
 q - 2 potions of flight
 A - 4 potions of lignification
 E - 4 potions of cancellation
 G - a potion of mutation


   Skills:
 + Level 8.2(13.2) Fighting
 - Level 12.0(17.0) Maces & Flails
 - Level 1.7(6.7) Throwing
 + Level 5.0(10.0) Armour
 - Level 2.4(7.4) Dodging
 * Level 9.1(14.1) Shields


You had 10 spell levels left.
You didn't know any spells.
Your spell library was empty.

Dungeon Overview and Level Annotations

Branches:
Dungeon (9/15)             Temple (1/1) D:7            Lair (1/6) D:9
Ossuary (visited)
    Orc: D:9-12

Altars:
Ashenzari
Cheibriados
Dithmenos
Elyvilon
Fedhas
Gozag
Hepliaklqana
Kikubaaqudgha
Makhleb
Nemelex Xobeh
Okawaru
Qazlal
Ru
Sif Muna
Trog
Uskayaw
Vehumet
Wu Jian
Xom
Yredelemnul
Zin
The Shining One

Annotations:
D:3 2 runed translucent doors, OneTabMan's ghost, amateur FeTm
D:7 2 transporters, anything's ghost, novice FoFi


Innate Abilities, Weirdness & Mutations

You are resistant to torment.
Your stone body is resilient. (AC +8)
You are immune to poison.
You resist negative energy. (rN+)
You are resistant to electric shocks. (rElec)
You can survive without breathing.
You are immune to petrification.
You are immune to miasma.


Message History

The yak gores you.
You hit the cane toad. You burn the cane toad.
The cane toad is moderately wounded.
You block the cane toad's attack.
You hit the cane toad. You burn the cane toad.
The cane toad is moderately wounded.
The yak gores you. The cane toad stings you!
* * * LOW HITPOINT WARNING * * *
Okay, then.
Okay, then.
You gain the combat prowess of a mighty hero.
The yak gores you.
* * * LOW HITPOINT WARNING * * *
You block the cane toad's attack.
You closely miss the cane toad.
The cane toad is moderately wounded.
You hit the cane toad. You burn the cane toad.
The cane toad is severely wounded.
The cane toad stings you!
You die...

### #### #
########.########..#P####
....†=.............>.....
.................Y...>...
..............†.@........
................F........
###P##P####.#.#.#.##P###.
## ### ######### ##


You could see a yak and a cane toad.

Vanquished Creatures
  Erolcha (D:9)
  A hydra (Lair:1)
  A two-headed ogre (D:8)
  An elephant (D:8)
  A troll (D:9)
  A wyvern (D:9)
  7 yaks
  A basilisk (D:9)
  A water moccasin (D:8)
  A black bear (D:9)
  An ice beast (D:8)
  An orc warrior (D:9)
  4 sky beasts
  A phantom (D:8)
  A necrophage (D:6)
  4 centaurs
  3 ogres
  2 elf zombies (Ossuary)
  2 bullfrogs
  5 killer bees (D:9)
  4 scorpions
  A water moccasin skeleton (D:6)
  5 wights (D:6)
  3 orc priests
  2 centaur skeletons
  3 jellies
  A bullfrog skeleton (D:8)
  7 hounds
  4 orc wizards
  Terence (D:2)
  An iguana (D:6)
  4 worker ants
  A big kobold zombie (Ossuary)
  2 hound zombies
  A hound skeleton (D:7)
  5 mummies
  A worker ant zombie (D:6)
  Robin (D:2)
  A howler monkey skeleton (D:4)
  12 adders
  2 shadow imps
  A white imp (D:5)
  2 ufetubi
  An ooze (D:3)
  An adder zombie (Ossuary)
  4 dart slugs
  4 worms
  5 leopard geckos
  32 orcs
  A ball python (D:2)
  4 giant cockroaches
  11 goblins
  8 hobgoblins
  6 jackals
  5 quokkas
  6 bats
  9 frilled lizards
  A gnoll zombie (Ossuary)
  2 goblin zombies
  3 hobgoblin zombies
  2 jackal skeletons
  A jackal zombie (D:6)
  5 kobolds (D:1)
  2 kobold zombies (Ossuary)
  A leopard gecko skeleton (D:4)
  An orc zombie (Ossuary)
  7 rats
227 creatures vanquished.

Notes
Turn   | Place    | Note
-------+----------+-------------------------------------------
     0 | D:1      | Froggeryz the Gargoyle Gladiator began the quest for the
                  | Orb.
     0 | D:1      | Reached XP level 1. HP: 12/12 MP: 1/1
   248 | D:1      | Reached XP level 2. HP: 14/17 MP: 2/2
   344 | D:1      | Found a broken altar of Ashenzari.
   705 | D:1      | Reached skill level 4 in Maces & Flails
   737 | D:1      | Reached XP level 3. HP: 19/21 MP: 3/3
  1143 | D:2      | Found a faded altar of an unknown god.
  1202 | D:2      | Reached skill level 1 in Shields
  1206 | D:2      | Noticed Robin
  1522 | D:2      | Reached XP level 4. HP: 26/26 MP: 4/4
  1694 | D:2      | Found an ornate altar of the Wu Jian Council.
  1703 | D:2      | Noticed Terence
  1705 | D:2      | Found a glowing silver altar of Zin.
  1722 | D:2      | Killed Terence
  1998 | D:2      | Killed Robin
  1999 | D:2      | Reached XP level 5. HP: 9/30 MP: 5/5
  2490 | D:3      | Found an iron altar of Okawaru.
  2498 | D:3      | Became a worshipper of Warmaster Okawaru
  2617 | D:3      | Found a sparkling altar of Nemelex Xobeh.
  2660 | D:3      | Found a runed translucent door.
  2664 | D:3      | Reached skill level 5 in Maces & Flails
  2699 | D:3      | Reached skill level 1 in Armour
  2803 | D:3      | Found a runed translucent door.
  2818 | D:3      | Noticed OneTabMan's ghost (amateur FeTm)
  3161 | D:4      | Reached XP level 6. HP: 15/35 MP: 6/6
  4154 | D:4      | Reached skill level 6 in Maces & Flails
  4189 | D:5      | Entered Level 5 of the Dungeon
  4200 | D:4      | Reached * piety under Okawaru
  4201 | D:4      | Reached XP level 7. HP: 26/40 MP: 7/7
  4422 | D:5      | Noticed a shadow
  4423 | D:5      | Found a shadowy altar of Dithmenos.
  4451 | D:5      | Found a hazy altar of Hepliaklqana.
  4648 | D:5      | Reached skill level 7 in Maces & Flails
  5103 | D:6      | Reached XP level 8. HP: 45/45 MP: 8/8
  5298 | D:6      | Reached ** piety under Okawaru
  5383 | D:6      | Found a stormy altar of Qazlal.
  5384 | D:6      | Noticed a water elemental
  5384 | D:6      | Noticed an air elemental
  5415 | D:6      | Reached skill level 8 in Maces & Flails
  5544 | D:6      | Found a snail-covered altar of Cheibriados.
  5662 | D:6      | Found a radiant altar of Vehumet.
  5879 | D:7      | Noticed anything's ghost (novice FoFi)
  5880 | D:7      | Found a transporter.
  5884 | D:7      | Noticed a slime creature
  6022 | D:7      | Found a transporter.
  6299 | D:7      | Found a staircase to the Ecumenical Temple.
  6575 | Temple   | Entered the Ecumenical Temple
  6723 | D:8      | Reached skill level 9 in Maces & Flails
  6723 | D:8      | Reached skill level 5 in Shields
  6723 | D:8      | Reached XP level 9. HP: 47/52 MP: 9/9
  6968 | D:8      | Reached *** piety under Okawaru
  7097 | D:8      | Reached skill level 5 in Fighting
  7156 | D:8      | Noticed a two-headed ogre
  7181 | D:8      | Found a sand-covered staircase.
  7190 | Ossuary  | Entered an ossuary
  7691 | D:8      | Reached **** piety under Okawaru
  7692 | D:8      | Reached skill level 10 in Maces & Flails
  7692 | D:8      | Killed a two-headed ogre
  7693 | D:8      | Reached XP level 10. HP: 60/60 MP: 10/10
  7862 | D:8      | Found a sacrificial altar of Ru.
  8585 | D:9      | Noticed Erolcha
  8625 | D:9      | Killed Erolcha
  8625 | D:9      | Reached ***** piety under Okawaru
  8626 | D:9      | Reached skill level 11 in Maces & Flails
  8839 | D:9      | Found a staircase to the Lair.
  8839 | D:9      | Noticed an elephant
  8880 | D:8      | Killed an elephant
  8880 | D:8      | Received a gift from Okawaru
  8883 | D:8      | Got an amethyst-encrusted scale mail {god gift}
  8894 | D:8      | Identified the +3 scale mail of Caucaed {+Fly rPois Int+5
                  | Slay-4} (Okawaru gifted it to you on level 8 of the
                  | Dungeon)
  9248 | D:9      | Found a hide-covered altar of Uskayaw.
  9249 | D:9      | Found a burning altar of Makhleb.
  9970 | D:9      | Found a blossoming altar of Fedhas.
 10023 | D:9      | Reached skill level 12 in Maces & Flails
 10076 | D:9      | Reached XP level 11. HP: 38/68 MP: 11/11
 10465 | Lair:1   | Entered Level 1 of the Lair of Beasts
 10465 | Lair:1   | Noticed a seven-headed hydra
 10471 | Lair:1   | Killed a seven-headed hydra
 10518 | Lair:1   | Reached skill level 5 in Armour
 10700 | Lair:1   | Slain by a cane toad

Illustrated notes

Levels and vault maps discovered:
D:1:      shiori_arrival_oz, layout_loops_corners, ashenzari_altar_1
D:2:      layout_rooms, grunt_temple_overflow_open,
          chequers_ecumenical_altar_island, uniq_terence, uniq_robin
D:3:      layout_loops_ring, nemelex_xobeh_ov_fountains_minmay,
          okawaru_metal_pillars_3, ebering_ghost_sewer_f, minivault_25,
          hangedman_decor_points
D:4:      layout_basic, eino_curves_02
D:5:      layout_rooms, riverfiend_overflow_shadow_ancestor
D:6:      layout_basic, nicolae_qazlal_style_of_elements,
          kennysheep_slug_shrine, basic_altar
D:7:      layout_loops_ring, minmay_temple_entry_junction, nzn_ghost_randoct
D:8:      layout_basic, lemuel_crystal_altar, nicolae_ossuary_entry_giza
D:9:      layout_loops_cross, fedhas_altar_1, minitemple, david_lair_generic,
          dk_rats_in_the_wall, uniq_erolcha
Temple:   eino_wide_crystal_templ
Lair:1:   layout_hall_layers, uniq_erica

Skill      XL: |  1  2  3  4  5  6  7  8  9 10 11 |
---------------+----------------------------------+-----
Maces & Flails | 4 5 6 7 9 10 12 | 12.0
Shields        | 1 2 3 5 6 8 9 |  9.1
Armour         | 1 2 4 5 |  5.0
Fighting       | 4 6 7 8 |  8.2
Throwing       | |  1.7
Dodging        | |  2.4

Action                   |  1- 3 |  4- 6 |  7- 9 | 10-12 || total
-------------------------+-------+-------+-------+-------++-------
Melee: Flail             |   116 |   193 |       |       ||   309
       Mace              |       |    67 |    81 |       ||   148
       Whip              |       |       |   379 |   318 ||   697
Invok: Heroism           |       |       |       |     3 ||     3
Evoke: Wand              |       |       |     5 |     4 ||     9
  Use: Scroll            |       |       |    14 |     1 ||    15
       Potion            |       |       |     4 |     1 ||     5
 Stab: Sleeping          |     1 |       |       |       ||     1
       Invisible         |       |       |     1 |       ||     1
       Paralysed         |       |       |       |     3 ||     3
Armor: Leather armour    |    47 |       |       |       ||    47
       Ring mail         |     1 |    22 |       |       ||    23
       Scale mail        |       |   134 |   187 |   104 ||   425
Dodge: Dodged            |    86 |   202 |   165 |    70 ||   523
       Repelled          |       |       |     1 |     2 ||     3
Block: Kite shield       |       |       |       |   115 ||   115
